 Dungeon Crawl Stone Soup version 0.31-a0-1082-g7d1fb776a8 (webtiles) character file.

Game seed: 18389131823286674771

455 Flugslaktarn the Changeling (level 7, -2/46 HPs)
             Began as an Octopode Shapeshifter on Nov 28, 2023.
             Slain by an orc wizard
             ... wielding a +0 dagger
              (5 damage)
             ... on level 4 of the Dungeon.
             The game lasted 00:02:02 (3431 turns).

Flugslaktarn the Changeling (Octopode Shapeshifter) Turns: 3431, Time: 00:02:02

Health: -2/46      AC:  1    Str: 13    XL:     7   Next: 5%
Magic:  7/7        EV: 13    Int: 13    God:
Gold:   131        SH:  0    Dex: 13    Spells: 6/6 levels left

rFire   . .          .
                       - Unarmed
rCold   . . .        (no shield)
rNeg    . . .        (helmet currently unavailable)
rPois   .            (no amulet)
rElec   .            (no ring)
rCorr   .            (no ring)
SInv    .            (no ring)
Will    .....        (no ring)
Stlth   ++           (no ring)
HPRegen 0.27/turn    (no ring)
MPRegen 0.10/turn    (no ring)
                     (no ring)

%: no passive effects
@: beast-form
A: beast (slay +3), almost no armour, amphibious, 8 rings, camouflage 1,
gelatinous body 1, (nimble swimmer 1), tentacles
a: Begin Untransformation


You were on level 4 of the Dungeon.
You were a hulking beast.
You visited 1 branch of the dungeon, and saw 4 of its levels.

You collected 131 gold pieces.

Inventory:

Talismans
 b - a beast talisman
 c - a flux talisman
Wands
 g - a wand of flame (2)
   (You took it off Terence on level 3 of the Dungeon)
Scrolls
 l - a scroll of amnesia
 m - a scroll of vulnerability
 n - a scroll of enchant armour {unknown}
 o - a scroll of immolation {unknown}
 p - a scroll of enchant weapon {unknown}
 z - a scroll of blinking
Potions
 e - a potion of resistance {unknown}
 f - a potion of heal wounds {unknown}
 h - 3 potions of haste
 i - a potion of curing {unknown}
 j - a potion of degeneration {unknown}
 k - a potion of attraction {unknown}


   Skills:
 + Level 3.4 Fighting
 - Level 2.0 Dodging
 + Level 4.6 Unarmed Combat
 * Level 5.5 Shapeshifting


You had 6 spell levels left.
You didn't know any spells.
Your spell library was empty.

Dungeon Overview and Level Annotations

Branches:
Dungeon (4/15)
 Temple: D:4-7

Altars:

Annotations:
D:4 Edmund


Innate Abilities, Weirdness & Mutations

You are a hulking beast.
Your limbs bulge with bestial killing power. (Slay +3)
You cannot wear most types of armour.
You are amphibious.
You can wear up to eight rings at the same time.
Your skin changes colour to match your surroundings (Stealth+).
Your rubbery body absorbs attacks. (AC +1, EV +1)
((You are camouflaged when in or above water. (Stealth+)))
You have tentacles for arms and can constrict up to eight enemies at once.


Message History

Found a stone staircase leading down.
An orc comes into view. It is wielding a +0 flail.
The orc closely misses you.
There is an open door here.
The orc attacks as it pursues you! The orc barely misses you.
The orc closely misses you. The orc attacks as it pursues you!
The orc hits you with a +0 hand axe.
You bludgeon the orc!
You kill the orc!
You closely miss the orc. You grab the orc. You constrict the orc.
The orc hits you with a +0 flail.
You tentacle-slap the orc.
You kill the orc!
Okay, then.
You start resting.
HP restored.
Things that are here:
a +0 flail; a +0 hand axe Edmund is nearby!
Edmund is nearby!
Edmund is nearby!
Aiming: Throw Flame
Press: ? - help, Shift-Dir - straight line, f - Edmund
Aim: Edmund, wielding a +1 flail of protection, wearing a +0 ring mail and quivering stones (wandering, hasn't noticed you, 72% to hit)
The puff of flame hits Edmund but does no damage.
Edmund shouts!
Edmund throws a stone.
The stone barely misses you.
Aiming: Throw Flame
Press: ? - help, Shift-Dir - straight line, f/p - Edmund
Aim: Edmund, wielding a +1 flail of protection, wearing a +0 ring mail and quivering stones (72% to hit)
The puff of flame hits Edmund but does no damage.
Edmund throws a stone.
The stone misses you.
Aiming: Throw Flame
Press: ? - help, Shift-Dir - straight line, f/p - Edmund
Aim: Edmund, wielding a +1 flail of protection, wearing a +0 ring mail and quivering stones (72% to hit)
The puff of flame hits Edmund.
Edmund is lightly wounded.
Aiming: Throw Flame
Press: ? - help, Shift-Dir - straight line, f/p - Edmund
Aim: Edmund, wielding a +1 flail of protection, wearing a +0 ring mail and quivering stones (lightly wounded, 72% to hit)
The puff of flame hits Edmund.
Edmund is lightly wounded.
Edmund throws a stone.
The stone hits you.
Aiming: Throw Flame
Press: ? - help, Shift-Dir - straight line, f/p - Edmund
Aim: Edmund, wielding a +1 flail of protection, wearing a +0 ring mail and quivering stones (lightly wounded, 72% to hit)
The puff of flame hits Edmund.
Edmund is moderately wounded.
An orc wizard comes into view. It is wielding a +0 dagger.
Aiming: Throw Flame
Press: ? - help, Shift-Dir - straight line, f/p - Edmund
Aim: Edmund, wielding a +1 flail of protection, wearing a +0 ring mail and quivering stones (moderately wounded, 72% to hit)
The puff of flame hits Edmund but does no damage.
Edmund is moderately wounded.
The orc wizard shouts!
Aiming: Throw Flame
Press: ? - help, Shift-Dir - straight line, f/p - Edmund
Aim: Edmund, wielding a +1 flail of protection, wearing a +0 ring mail and quivering stones (moderately wounded, 72% to hit)
The puff of flame misses Edmund.
The puff of flame hits the orc wizard.
The orc wizard is lightly wounded.
The orc wizard gestures wildly while chanting.
The orc wizard flickers and vanishes!
Deactivating autopickup; reactivate with Ctrl-A.
Okay, then.
You tentacle-slap Edmund. Your grab misses Edmund.
You tentacle-slap Edmund, but do no damage.
Edmund is moderately wounded.
Edmund hits you with a +1 flail of protection!
You tentacle-slap Edmund but do no damage.
You grab Edmund. Your squeeze misses Edmund.
Edmund is moderately wounded.
You constrict Edmund, but do no damage.
Edmund hits you with a +1 flail of protection!
You tentacle-slap Edmund.
Edmund is moderately wounded.
You constrict Edmund, but do no damage.
Edmund hits you with a +1 flail of protection!
You tentacle-slap Edmund. You squeeze Edmund!
Edmund is heavily wounded.
You constrict Edmund, but do no damage. Edmund closely misses you.
You tentacle-slap Edmund.
Edmund is severely wounded.
You constrict Edmund, but do no damage. Edmund closely misses you.
Okay, then.
You tentacle-slap Edmund but do no damage.
Edmund is severely wounded.
You constrict Edmund, but do no damage. Something hits you.
* * * LOW HITPOINT WARNING * * *
Edmund hits you with a +1 flail of protection!
* * * LOW HITPOINT WARNING * * *
You tentacle-slap Edmund but do no damage.
Edmund is severely wounded.
You constrict Edmund. Something hits you.
* * * LOW HITPOINT WARNING * * *
Edmund closely misses you.
Unknown command.
You tentacle-slap Edmund but do no damage.
Edmund is severely wounded.
You constrict Edmund. Something hits you.
You die...

##............ #. #.....
#......##..### ##.###.
##.....# ..# ######..###.
#...#..##..# #..).<....##
###..........# #.###..##.#
...........####.##......#
..##...#..........#.......#
...#...........####..[....#
..>......)@h##.# #..#..#.#
###.....{....####..#....##
#..........##..........#
####'##.##)##.#.######.#
#....##.##.#.# ####.#
#######....#.###....#
####.#.........
#.#.######.# #...###....#


You could see Edmund.

Vanquished Creatures
  Sigmund (D:4)
  An ogre (D:3)
  An iguana (D:3)
  Terence (D:3)
  An orc wizard (D:3)
  6 adders
  A shadow imp (D:3)
  A worm (D:3)
  7 orcs
  4 ball pythons
  6 endoplasms
  4 giant cockroaches
  8 goblins
  4 hobgoblins
  2 jackals (D:4)
  7 kobolds
  3 quokkas
  5 bats
  6 frilled lizards
  7 rats
76 creatures vanquished.

Notes
Turn   | Place    | Note
-------+----------+-------------------------------------------
     0 | D:1      | Flugslaktarn the Octopode Shapeshifter began the quest for
                  | the Orb.
     0 | D:1      | Reached XP level 1. HP: 13/13 MP: 1/1
    98 | D:1      | Reached XP level 2. HP: 18/18 MP: 2/2
   655 | D:1      | Found a faded altar of an unknown god.
   659 | D:1      | Reached XP level 3. HP: 23/23 MP: 3/3
  1133 | D:2      | Reached XP level 4. HP: 29/29 MP: 4/4
  1199 | D:2      | Reached skill level 4 in Shapeshifting
  1661 | D:3      | Reached XP level 5. HP: 17/35 MP: 5/5
  1938 | D:3      | Noticed Terence
  1950 | D:3      | Killed Terence
  2957 | D:3      | HP: 1/52 [something/magic dart (5)]
  3170 | D:4      | Noticed Edmund
  3170 | D:4      | Noticed an ogre
  3198 | D:3      | Killed an ogre
  3199 | D:3      | Reached skill level 5 in Shapeshifting
  3199 | D:3      | Reached XP level 6. HP: 26/42 MP: 6/6
  3277 | D:4      | Noticed Sigmund
  3286 | D:4      | Killed Sigmund
  3287 | D:4      | Reached XP level 7. HP: 36/46 MP: 7/7
  3430 | D:4      | HP: 2/46 [something (2)]
  3431 | D:4      | Slain by an orc wizard

Illustrated notes

Levels and vault maps discovered:
D:1:      nicolae_arrival_washed_ashore, layout_basic,
          shapermc_ecumenical_altar_mp_highgroup, hangedman_abyss_or_decor_stabs
D:2:      layout_loops_ring
D:3:      layout_basic, uniq_terence
D:4:      layout_basic, uniq_sigmund, uniq_edmund

Skill      XL: |  1  2  3  4  5 |
---------------+----------------+-----
Fighting       | 2 3 |  3.4
Shapeshifting  | 4 5 |  5.5
Unarmed Combat | 4 |  4.6
Dodging        | |  2.0

Action                     |  1- 3 |  4- 6 |  7- 9 || total
---------------------------+-------+-------+-------++-------
  Melee: Unarmed           |    54 |    87 |    15 ||   156
         Constrict         |    13 |    17 |     2 ||    32
         Tentacles         |    13 |    17 |     2 ||    32
         Punch             |       |     2 |     1 ||     3
  Evoke: Wand              |       |     7 |     7 ||    14
    Use: Scroll            |       |     6 |       ||     6
         Potion            |       |     1 |       ||     1
   Stab: Sleeping          |     6 |     9 |       ||    15
 Armour: Skin              |    14 |    49 |    10 ||    73
  Dodge: Dodged            |    31 |    32 |    11 ||    74

Table legend: (Time is in decaauts)
 A = Elapsed time spent in this place.
 B = Non-inter-level travel time spent in this place.
 C = Inter-level travel time spent in this place.
 D = Time resting spent in this place.
 E = Time spent auto-exploring this place.
 F = Levels seen in this place.
 G = Mean time per level.
                   A        B        C        D        E       F      G
               +--------+--------+--------+--------+--------+-----+--------+
         Total |   3422 |   3234 |    188 |    424 |   2280 |   4 |  855.5 |
       Dungeon |   3422 |   3234 |    188 |    424 |   2280 |   4 |  855.5 |
               +--------+--------+--------+--------+--------+-----+--------+

Top non-repeatable levels by time:
     D:3: 1622 daAuts
     D:1: 866 daAuts
     D:2: 734 daAuts
     D:4: 200 daAuts
